 Dungeon Crawl Stone Soup version 0.21-a0-92-g7bf63f6 (webtiles) character file.

15862 Ordine the Basher (level 12, -6/68 HPs)
             Began as a Gargoyle Fighter on July 1, 2017.
             Was a High Priest of Okawaru.
             Mangled by an ice devil (10 damage)
             ... in an ice cave.
             The game lasted 00:32:08 (12303 turns).

Ordine the Basher (Gargoyle Fighter)               Turns: 12303, Time: 00:32:08

Health: -6/68      AC: 29    Str: 21    XL:     12   Next: 31%
Magic:  15/15      EV: 12    Int: 12    God:    Okawaru [*****.]
Gold:   207        SH:  9    Dex: 15    Spells: 11/11 levels left

rFire    . . .     SeeInvis .   H - +2 eveningstar (protect)
rCold    + + .     Gourm    .   I - +2 buckler {rC+}
rNeg     + . .     Faith    .   x - +3 ring mail "Aluketur" {+Blink rCorr Int+2 Slay+3}
rPois    ∞         Spirit   .   (helmet restricted)
rElec    +         Reflect  .   a - +0 cloak
rCorr    +         Harm     .   (no gloves)
MR       .....                  m - +2 pair of boots
Stlth    +.........             D - amulet of rage
HPRegen  0.21/turn              n - ring of protection from cold
MPRegen  0.14/turn              F - +3 ring of dexterity

@: about to teleport, protection aura
A: horns 1, negative energy resistance 1, electricity resistance, wild magic 1,
unbreathing, petrification resistance, rot immunity, MP-powered wands, AC +8
a: Heroism, Finesse, Renounce Religion, Evoke Blink, Evoke Berserk Rage


You were in an ice cave.
You worshipped Okawaru.
Okawaru was extremely pleased with you.
You were not hungry.

You visited 3 branches of the dungeon, and saw 14 of its levels.
You also visited: Labyrinth and Ice Cave.

You collected 767 gold pieces.
You spent 560 gold pieces at shops.

Inventory:

Hand Weapons
 z - the +8 whip "Snakebite" {curare, rPois}
   (You found it on level 1 of the Lair of Beasts)

   It poisons the flesh of those it strikes.
   It protects you from poison.
 H - a +2 eveningstar of protection (weapon)
Armour
 a - a +0 cloak (worn)
 c - a +0 shield
 d - a +0 helmet
 m - a +2 pair of boots (worn)
 x - the +3 ring mail "Aluketur" (worn) {+Blink rCorr Int+2 Slay+3}
   (You bought it in a shop on level 8 of the Dungeon)

   It affects your intelligence (+2).
   It affects your accuracy and damage with ranged weapons and melee attacks
   (+3).
   It lets you blink.
   It protects you from acid and corrosion.
 I - a +2 buckler of cold resistance (worn)
Jewellery
 i - a +5 ring of strength
 n - a ring of protection from cold (left hand)
 D - an amulet of rage (around neck)
 F - a +3 ring of dexterity (right hand)
Wands
 b - a wand of clouds (1/9)
 k - a wand of acid (6/15)
 s - a wand of lightning (4/15)
 B - a wand of confusion (33/48)
Scrolls
 e - 4 scrolls of teleportation
 l - 4 scrolls of remove curse
 p - a scroll of fog
 q - 2 scrolls of enchant armour
 t - 4 scrolls of enchant weapon
 A - a scroll of immolation
 C - a scroll of blinking
Potions
 u - a potion of cancellation
 w - a potion of brilliance
 G - a potion of flight
Books
 g - a book of Geomancy

   Spells                             Type                      Level
   a - Sandblast                      Earth                        1
   b - Passwall                       Transmutation/Earth          2
   c - Stone Arrow                    Conjuration/Earth            3
   d - Petrify                        Transmutation/Earth          4
   e - Lee's Rapid Deconstruction     Earth                        5
 j - a book of the Tempests

   Spells                             Type                      Level
   a - Static Discharge               Conjuration/Air              3
   b - Lightning Bolt                 Conjuration/Air              5
   c - Ignition                       Fire                         8
   d - Tornado                        Air                          9
   e - Shatter                        Earth                        9
 v - a book of the Warp

   Spells                             Type                      Level
   a - Gell's Gravitas                Translocation                3
   b - Portal Projectile              Hexes/Translocation          3
   c - Force Lance                    Conjuration/Translocation    4
   d - Dispersal                      Translocation                6
   e - Controlled Blink               Translocation                8
   f - Disjunction                    Translocation                8
 y - a book of Changes

   Spells                             Type                      Level
   a - Beastly Appendage              Transmutation                1
   b - Sticks to Snakes               Transmutation                2
   c - Spider Form                    Transmutation/Poison         3
   d - Ice Form                       Ice/Transmutation            4
   e - Blade Hands                    Transmutation                5
Comestibles
 f - 11 bread rations
 h - 6 meat rations
 o - 2 royal jellies
 r - 12 fruits


   Skills:
 + Level 5.5 Fighting
 * Level 14.0 Maces & Flails
 + Level 5.4 Armour
 + Level 3.0 Dodging
 + Level 12.1 Shields
 + Level 4.2 Invocations


You had 11 spell levels left.
You didn't know any spells.

Dungeon Overview and Level Annotations

Branches:
Dungeon (11/15)            Temple (1/1) D:4            Lair (2/6) D:10
    Orc (0/2) D:9
  Swamp: Lair:2-4    Shoals: Lair:2-4     Snake: Lair:2-4    Spider: Lair:2-4

Altars:
Ashenzari
Cheibriados
Dithmenos
Elyvilon
Fedhas
Gozag
Hepliaklqana
Kikubaaqudgha
Makhleb
Nemelex Xobeh
Okawaru
Qazlal
Ru
Sif Muna
Trog
Uskayaw
Vehumet
Wu Jian
Xom
Yredelemnul
Zin
The Shining One
Beogh
Lugonu

Shops:
D:5 }   D:8 [*

Annotations:
Lair:1 Erica, Nergalle


Innate Abilities, Weirdness & Mutations

You are resistant to torment.
Your stone body is resilient. (AC +8)
You are immune to poison.
You resist negative energy. (rN+)
You are resistant to electric shocks. (rElec)
You can survive without breathing.
You are immune to petrification.
You are immune to rotting.
You have a pair of small horns on your head.
Your spells are a little harder to cast, but a little more powerful.
You expend magic power (3 MP) to strengthen your wands.


Message History

* * * LOW HITPOINT WARNING * * *
The ice devil freezes you! You resist.
* * * LOW HITPOINT WARNING * * *
The ice devil hits you but does no damage. x2
Unknown command.
As you read the scroll of teleportation, it crumbles to dust.
You feel strangely unstable.
The ice devil hits you but does no damage.
The ice devil misses you.
The ice devil hits you but does no damage.
Unknown command.
You barely miss the ice devil.
You headbutt the ice devil, but do no damage.
The ice devil is severely wounded.
The ice devil barely misses you. The ice devil hits you.
* * * LOW HITPOINT WARNING * * *
The ice devil freezes you. You resist.
* * * LOW HITPOINT WARNING * * *
The ice devil hits you!
You die...

#
#.§§...##...##..#
#§
###..§§##....#..##
§§.
#...###....##..#
§§.§ #...#
##....#..#
##.§§#...#
##.#.##..#
§§§≈4....#
#..###...#
§§.§§.#4.#
#...##..##
#.#.§##4##
#.......# #
##.#4@# #..#...##
#§..4# ##..#..##
##..## #...####
.... #..## ....#
##...# #.....
#...## ##...#
##..## ####
#....## ##.....##


You could see 4 ice devils.

Vanquished Creatures
  A minotaur (Lab)
  Fannar (Lair:1)
  A centaur warrior (D:10)
  The ghost of Ordine the Basher, a novice GrFi of Okawaru (D:6)
  An ugly thing (D:8)
  Maurice (D:8)
  2 ice statues (IceCv)
  A centaur zombie (D:10)
  A black mamba (Lair:1)
  A gargoyle (D:10)
  7 ice devils (IceCv)
  2 trolls
  A wyvern (D:9)
  11 yaks
  Grum (D:8)
  Eustachio (D:4)
  A steam dragon (D:7)
  Menkaure (D:4)
  A hell hound (D:10)
  9 water moccasins
  2 porcupines (Lair:1)
  Duvessa (D:6)
  3 sky beasts
  6 orc warriors
  2 phantoms
  2 black bears
  An ice beast (D:10)
  An eye of draining (D:5)
  A boggart (D:10)
  2 wolves (D:8)
  4 ogres
  A big kobold (D:9)
  A crocodile (Lair:1)
  Blork the orc (D:4)
  6 bullfrogs
  A gnoll sergeant (D:7)
  Dowan (D:6)
  3 scorpions
  5 wights
  7 electric eels
  2 howler monkeys
  3 crimson imps
  3 jellies
  Crazy Yiuf (D:4)
  8 hounds
  5 bullfrog skeletons
  9 orc priests
  11 orc wizards
  3 iguanas
  A hell rat (Lair:1)
  7 worker ants
  A hound skeleton (D:7)
  Robin (D:4)
  8 gnolls
  2 worker ant zombies
  A howler monkey skeleton (D:10)
  17 adders
  5 river rats (Lair:1)
  3 shadow imps
  18 white imps
  5 ufetubi (IceCv)
  An ooze (D:1)
  2 adder skeletons
  An adder zombie (D:8)
  A worm (D:6)
  4 dart slugs
  5 leopard geckos
  32 orcs
  2 ball pythons
  5 bats
  2 bat zombies (D:9)
  9 giant cockroaches
  18 goblins
  14 hobgoblins
  20 jackals
  9 quokkas
  3 frilled lizards
  2 jackal skeletons
  14 kobolds
  A leopard gecko skeleton (D:5)
  2 quokka skeletons
  A quokka zombie (D:9)
  15 rats
  A rat zombie (D:9)
  A fungus (D:3)
376 creatures vanquished.

Vanquished Creatures (others)
  4 white imps (IceCv)
  4 ufetubi (IceCv)
8 creatures vanquished.

Grand Total: 384 creatures vanquished

Notes
Turn   | Place    | Note
-------+----------+-------------------------------------------
     0 | D:1      | Ordine the Gargoyle Fighter began the quest for the Orb.
     0 | D:1      | Reached XP level 1. HP: 14/14 MP: 1/1
    32 | D:1      | Reached XP level 2. HP: 11/19 MP: 2/2
   339 | D:1      | Reached skill level 3 in Maces & Flails
   354 | D:1      | Reached XP level 3. HP: 22/23 MP: 3/3
   632 | D:2      | Found a snail-covered altar of Cheibriados.
   699 | D:2      | Gained mutation: Your spells are a little harder to cast, but a little more powerful. [potion of mutation]
   699 | D:2      | Gained mutation: You expend magic power (3 MP) to strengthen your wands. [potion of mutation]
   699 | D:2      | Gained mutation: You have a pair of small horns on your head. [potion of mutation]
   732 | D:2      | Reached XP level 4. HP: 28/28 MP: 4/4
   856 | D:2      | Reached skill level 4 in Maces & Flails
  1612 | D:3      | Reached XP level 5. HP: 32/32 MP: 5/5
  2207 | D:3      | Reached skill level 5 in Maces & Flails
  2347 | D:3      | Found a sacrificial altar of Ru.
  2454 | D:4      | Noticed Robin
  2476 | D:4      | Reached XP level 6. HP: 26/37 MP: 6/6
  2492 | D:4      | Killed Robin
  2540 | D:4      | Found a radiant altar of Vehumet.
  2566 | D:4      | Found a staircase to the Ecumenical Temple.
  2568 | D:4      | Noticed Eustachio
  2687 | D:4      | Found a white marble altar of Elyvilon.
  2738 | D:4      | Killed Eustachio
  2738 | D:4      | Reached skill level 5 in Shields
  2985 | D:4      | Reached skill level 6 in Maces & Flails
  3005 | D:4      | Noticed Blork the orc
  3020 | D:4      | Killed Blork the orc
  3020 | D:4      | Reached XP level 7. HP: 37/41 MP: 7/7
  3261 | D:4      | Noticed Menkaure
  3271 | D:4      | Killed Menkaure
  3271 | D:4      | Reached skill level 7 in Maces & Flails
  3665 | Temple   | Entered the Ecumenical Temple
  3941 | D:4      | Found a runed door.
  3945 | D:4      | Noticed Crazy Yiuf
  3949 | D:4      | Killed Crazy Yiuf
  4023 | D:5      | Entered Level 5 of the Dungeon
  4113 | D:5      | Reached XP level 8. HP: 38/46 MP: 8/8
  4349 | D:5      | Reached skill level 8 in Maces & Flails
  4437 | D:5      | Found a blossoming altar of Fedhas.
  4651 | D:5      | Found Goaforu's Gadget Shop.
  4837 | D:6      | Reached skill level 9 in Maces & Flails
  5267 | D:6      | Found a shattered altar of Ashenzari.
  5322 | D:6      | Reached XP level 9. HP: 51/51 MP: 9/9
  5358 | D:6      | Noticed Dowan
  5359 | D:6      | Noticed Duvessa
  5382 | D:6      | Killed Duvessa
  5410 | D:6      | Killed Dowan
  5674 | D:6      | Reached skill level 10 in Maces & Flails
  5681 | D:6      | Noticed Ordine's ghost (novice GrFi)
  5723 | D:6      | Killed Ordine's ghost
  5824 | D:6      | Found a hide-covered altar of Uskayaw.
  5824 | D:6      | Noticed a dagger
  5824 | D:6      | Noticed a dagger
  6532 | D:7      | Reached skill level 11 in Maces & Flails
  6720 | D:7      | Reached XP level 10. HP: 56/56 MP: 10/10
  6736 | D:7      | Found an iron altar of Okawaru.
  6763 | D:7      | Became a worshipper of Warmaster Okawaru
  7097 | D:8      | Noticed a green ugly thing
  7099 | D:8      | Found Verchu's Antique Armour Shop.
  7104 | D:8      | Killed a green ugly thing
  7116 | D:8      | Bought a bronze ring mail for 315 gold pieces
  7126 | D:8      | Identified the +3 ring mail "Aluketur" {+Blink rCorr Int+2 Slay+3} (You bought it in a shop on level 8 of the Dungeon)
  7140 | D:8      | Found a stormy altar of Qazlal.
  7153 | D:8      | Noticed Maurice
  7194 | D:8      | Killed Maurice
  7194 | D:8      | Reached * piety under Okawaru
  7194 | D:8      | Reached skill level 12 in Maces & Flails
  7218 | D:8      | Noticed Grum
  7237 | D:8      | Killed Grum
  7324 | D:8      | Found a deep blue altar of Sif Muna.
  7408 | D:8      | Found a glowing golden altar of the Shining One.
  7438 | D:8      | Found Zin's Purification Station.
  7441 | D:8      | Found a glowing silver altar of Zin.
  7463 | D:8      | Found a hazy altar of Hepliaklqana.
  7490 | D:8      | Found a basalt altar of Yredelemnul.
  7492 | D:8      | Noticed a profane servitor
  7641 | D:8      | Noticed an angel
  7711 | D:9      | Found an opulent altar of Gozag.
  7750 | D:9      | Reached skill level 10 in Shields
  8077 | D:9      | Reached ** piety under Okawaru
  8160 | D:9      | Found an ancient bone altar of Kikubaaqudgha.
  8403 | D:9      | Found a staircase to the Orcish Mines.
  8411 | D:9      | Found a roughly hewn altar of Beogh.
  8659 | D:10     | Entered Level 10 of the Dungeon
  8678 | D:10     | Reached skill level 13 in Maces & Flails
  8737 | D:8      | Bought a heavily runed leather armour for 245 gold pieces
  8739 | D:8      | Identified the +0 leather armour "Zimey" {Str+4} (You bought it in a shop on level 8 of the Dungeon)
  8845 | D:10     | Reached XP level 11. HP: 60/60 MP: 11/11
  9068 | D:10     | Found a staircase to the Lair.
  9373 | D:10     | Reached *** piety under Okawaru
 10195 | D:10     | Noticed a centaur warrior
 10205 | D:10     | Killed a centaur warrior
 10205 | D:10     | Reached **** piety under Okawaru
 10417 | Lair:1   | Entered Level 1 of the Lair of Beasts
 10474 | D:10     | Reached skill level 14 in Maces & Flails
 10656 | Lair:1   | Reached skill level 1 in Invocations
 10677 | Lair:1   | Reached skill level 1 in Dodging
 11017 | Lair:1   | Noticed Fannar
 11025 | Lair:1   | Killed Fannar
 11025 | Lair:1   | Reached ***** piety under Okawaru
 11057 | Lair:1   | Got a faintly humming cloak
 11068 | Lair:1   | Identified the +3 cloak of Hangman {+Fly rElec Stlth+} (You found it on level 1 of the Lair of Beasts)
 11246 | Lair:1   | Got a bloodstained dagger
 11247 | Lair:1   | Identified the +4 dagger "Bujoco" {holy, rC++} (You found it on level 1 of the Lair of Beasts)
 11343 | Lair:1   | Noticed Erica
 11344 | Lair:1   | Noticed Nergalle
 11406 | Lair:2   | Found a frozen archway.
 11442 | Lair:2   | Found a labyrinth entrance.
 11451 | Lab      | Entered a labyrinth
 11607 | Lab      | Noticed a minotaur
 11615 | Lab      | Killed a minotaur
 11615 | Lab      | Reached skill level 5 in Fighting
 11615 | Lab      | Reached XP level 12. HP: 67/68 MP: 14/14
 11671 | IceCv    | Entered an ice cave
 11701 | IceCv    | Received a gift from Okawaru
 11701 | IceCv    | Reached skill level 5 in Armour
 12303 | IceCv    | Mangled by an ice devil

Vault maps used:
D:1:      minmay_arrival_hallway
D:2:      kennysheep_slug_shrine, serial_glass, glass_columns_c,
          glass_columns_c, cheibrodos_gnoll_hut
D:3:      nicolae_ru_the_path_less_chosen, roderic_bipointed_swastika
D:4:      elyvilon_altar_1, vehumet_crystals, temple_doors_e, serial_bayou,
          serial_bayou_pond_d, serial_bayou_ford_a, serial_bayou_lagoon_b,
          uniq_robin, uniq_menkaure, uniq_eustachio, uniq_blork_the_orc,
          uniq_crazy_yiuf_cottage
D:5:      fedhas_altar_2, serial_shops, kennysheep_mini, first_bread,
          kennysheep_generic_room_8
D:6:      ashenzari_altar_1, dancing_weapons_uskayaw, uniq_duvessa
D:7:      kennysheep_okawaru_gauntlet, roderic_roman_lattice
D:8:      kennysheep_mini_moat, lemuel_round_altar,
          grunt_temple_overflow_holy_war, zin_purify, tgw_sif, serial_shops,
          shop_statue, uniq_grum, uniq_maurice
D:9:      grunt_gozag_breadcrumbs, lemuel_zombie_altar_kikubaaqudgha,
          minmay_orc_entry_temple_small
D:10:     cheibrodos_elevator_heist, minmay_lair_entry_lava
D:11:     hangedman_fish_farm
Temple:   corrupted_temple
Lair:1:   minmay_guarded_unrand_snakebite, kennysheep_abandoned_house,
          grunt_megastairs_4, infiniplex_staircase_pool, uniq_nergalle,
          uniq_erica, uniq_fannar
Lair:2:   lab_entry_generic, portal_ice_cave_entry_imps, disabler_island,
          infiniplex_staircase_pool_2
Lab:      labyrinth_hidden_loot, lab_fountain, nicolae_lab_diamond,
          nicolae_lab_do_over
IceCv:    ice_cave_small_demon

Skill      XL: |  1  2  3  4  5  6  7  8  9 10 11 12 |
---------------+-------------------------------------+-----
Maces & Flails | 3 4 5 6 7 9 11 13 14 | 14.0
Shields        | 4 5 6 7 9 10 11 12 | 12.1
Invocations    | 3 4 |  4.2
Dodging        | 2 3 |  3.0
Fighting       | 5 |  5.5
Armour         | 4 5 |  5.4

Action                   |  1- 3 |  4- 6 |  7- 9 | 10-12 || total
-------------------------+-------+-------+-------+-------++-------
Melee: Flail             |    97 |   228 |   143 |   519 ||   987
       Headbutt          |     1 |    37 |    66 |   157 ||   261
       Mace              |       |       |   299 |       ||   299
       Whip              |       |       |       |    83 ||    83
       Eveningstar       |       |       |       |    87 ||    87
  Use: Scroll            |     6 |     7 |     3 |     8 ||    24
       Potion            |     1 |     5 |     5 |     9 ||    20
  Eat: Chunk             |       |     7 |    13 |    15 ||    35
       Bread ration      |       |       |       |     1 ||     1
Armor: Scale mail        |    75 |   158 |   104 |       ||   337
       Skin              |       |       |    46 |       ||    46
       Chain mail        |       |       |    36 |    53 ||    89
       Ring mail         |       |       |       |   252 ||   252
Dodge: Dodged            |    43 |    99 |   108 |   213 ||   463
Block: Shield            |    61 |   146 |       |   131 ||   338
       Buckler           |       |     6 |    99 |   118 ||   223
